 Dungeon Crawl Stone Soup version 0.31.0-11-ge490571c62 (webtiles) character file.

Game seed: 10090563554616804857

28566 stipulation the Dealer of Despair (level 13, -61/55 HPs)
             Began as a Vine Stalker Necromancer on Jan 29, 2024.
             Was an Elder of Kikubaaqudgha.
             Annihilated by a boulder beetle (106 damage)
             ... on level 4 of the Lair of Beasts.
             The game lasted 00:48:56 (19869 turns).

stipulation the Dealer of Despair (VSNe)           Turns: 19869, Time: 00:48:56

Health: -61/55     AC: 17    Str: 13    XL:     13   Next: 39%
Magic:  0/31       EV:  2    Int: 19    God:    Kikubaaqudgha [****..]
Gold:   870        SH:  0    Dex: 14    Spells: 11/39 levels left

rFire   . . .        r - +2 dagger (speed)
rCold   . . .        (no shield)
rNeg    . . .        O - +1 steam dragon scales
rPois   .            (no helmet)
rElec   .            M - +1 cloak {rCorr}
rCorr   +            N - +0 pair of gloves
SInv    .            a - +2 pair of boots
Will    +....        f - amulet of faith
Stlth   ++           u - +5 ring of evasion
HPRegen 1.09/turn    o - +4 ring of protection
MPRegen 0.22/turn

%: guardian spirit, faith
@: sleeping, animating dead
A: fangs 3, regeneration 1, magic shield, antimagic bite, no potion heal 2
a: Renounce Religion, Unearth Wretches


You were on level 4 of the Lair of Beasts.
You worshipped Kikubaaqudgha.
Kikubaaqudgha was greatly pleased with you.
You visited 3 branches of the dungeon, and saw 16 of its levels.

You collected 870 gold pieces.

Inventory:

Hand Weapons
 q - a +0 dagger of venom
 r - a +2 dagger of speed (weapon)
 I - a +0 flail of holy wrath
Armour
 a - a +2 pair of boots (worn)
 M - a +1 cloak of preservation (worn)
 N - a +0 pair of gloves (worn)
 O - +1 steam dragon scales (worn)
Jewellery
 c - a ring of magical power
 f - an amulet of faith (around neck)
 h - a ring of protection from fire
 o - a +4 ring of protection (right hand)
 u - a +5 ring of evasion (left hand)
 v - an amulet of magic regeneration
 D - a ring of ice
 G - a ring of magical power
 S - a ring of wizardry
 T - an amulet of regeneration
 V - a +6 ring of dexterity
Wands
 y - a wand of paralysis (16)
 F - a wand of flame (30)
 K - a wand of digging (6)
 P - a wand of acid (5)
Scrolls
 d - 3 scrolls of noise
 e - 6 scrolls of revelation
 g - 9 scrolls of teleportation
 i - 3 scrolls of poison
 k - 3 scrolls of blinking
 s - 3 scrolls of torment
 t - 4 scrolls of enchant weapon {unknown}
 w - 3 scrolls of immolation
 x - a scroll of butterflies {unknown}
 B - a scroll of amnesia
 J - 2 scrolls of enchant armour {unknown}
 L - 2 scrolls of fog
 X - a scroll of fear {unknown}
 Y - a scroll of identify
Potions
 b - a potion of magic
 j - 2 potions of haste
 l - a potion of enlightenment {unknown}
 m - a potion of heal wounds {unknown}
 n - 2 potions of cancellation
 z - a potion of might
 A - a potion of berserk rage {unknown}
 C - a potion of lignification {unknown}
 E - 4 potions of curing
 H - 3 potions of attraction
 Q - a potion of resistance {unknown}
 R - 3 potions of ambrosia {unknown}
 U - 2 potions of mutation {unknown}
Miscellaneous
 p - a lightning rod (4/4)
 W - a condenser vane


   Skills:
 - Level 5.0 Short Blades
 - Level 4.0 Armour
 - Level 1.5 Dodging
 - Level 2.4 Stealth
 + Level 13.7 Spellcasting
 - Level 2.0 Hexes
 - Level 2.0 Summonings
 + Level 15.1 Necromancy
 + Level 3.4 Translocations
 - Level 5.0 Air Magic


You had 11 spell levels left.
You knew the following spells:

 Your Spells              Type           Power      Damage    Failure   Level
a - Necrotise             Necr           100%       1d9       0%          1
b - Vampiric Draining     Necr           63%        2d10      1%          3
c - Animate Dead          Necr           63%        N/A       1%          4
d - Sublimation of Blood  Necr           63%        N/A       0%          2
e - Curse of Agony        Necr           63%        N/A       1%          5
f - Swiftness             Air            32%        N/A       1%          3
g - Anguish               Hex/Necr       22%        N/A       1%          4
h - Martyr's Knell        Necr/Summ      45%        N/A       1%          4
i - Blink                 Tloc           52%        N/A       1%          2

Your spell library contained the following spells:

 Spells                   Type           Power      Damage    Failure   Level
 Kiss of Death            Conj/Necr      100%       2d13      1%          1
 Shock                    Conj/Air       88%        1d8       1%          1
 Lesser Beckoning         Tloc           52%        N/A       1%          2
 Slow                     Hex            80%        N/A       2%          1
 Momentum Strike          Conj/Tloc      38%        3d9       3%          2
 Gell's Gravitas          Tloc           26%        N/A       3%          3
 Teleport Other           Tloc           26%        N/A       3%          3
 Airstrike                Air            16%        2d(3-19)  6%          4
 Borgnjor's Vile Clutch   Necr/Erth      20%        N/A       6%          5
 Confusing Touch          Hex            20%        N/A       7%          3
 Sigil of Binding         Hex            20%        N/A       7%          3
 Scorch                   Fire           26%        2d6       8%          2
 Volatile Blastmotes      Fire/Tloc      38%        2d13      8%          3
 Iskenderun's Mystic Bla  Conj/Tloc      19%        2d6       26%         4
 Summon Forest            Summ/Tloc      11%        N/A       43%         5
 Flame Wave               Conj/Fire      13%        2d6       45%         4
 Fulminant Prism          Conj/Alch      6%         3d7       45%         4
 Summon Cactus Giant      Summ           10%        N/A       98%         6
 Eringya's Noxious Bog    Alch           6%         4d6       100%        6
 Summon Hydra             Summ           10%        N/A       100%        7


Dungeon Overview and Level Annotations

Branches:
Dungeon (11/15)            Temple (1/1) D:6            Lair (4/5) D:9
 Shoals (0/4) Lair:3       Spider (0/4) Lair:2
  Slime: Lair:4-5       Orc: D:9-12

Altars:
Ashenzari
Cheibriados
Dithmenos
Elyvilon
Fedhas
Gozag
Hepliaklqana
Kikubaaqudgha
Makhleb
Nemelex Xobeh
Okawaru
Qazlal
Ru
Sif Muna
Trog
Uskayaw
Vehumet
Wu Jian
Xom
Yredelemnul
Zin
The Shining One

Shops:
D:4 [

Annotations:
D:11 1 transporter, Lodul; Rin's ghost, journeyman FoFi


Innate Abilities, Weirdness & Mutations

You have razor-sharp teeth.
Your natural rate of healing is unusually fast.
When hurt, damage is shared between your health and your magic reserves.
Your bite disrupts and absorbs the magic of your enemies.
Potions cannot restore your health.


Message History

The dream sheep headbutts your black mamba zombie but does no damage.
The dream sheep headbutts your rime drake zombie.
You swap places.
A boulder beetle comes into view.
Your black mamba zombie bites the dream sheep!
Your blink frog zombie closely misses the dream sheep.
Your black mamba zombie barely misses the dream sheep.
The dream sheep headbutts you but does no damage.
The dream sheep closely misses your black mamba zombie.
You are overwhelmed by glittering dream dust!
You feel drowsy...
You fall asleep.
Your black mamba zombie bites the dream sheep but does no damage.
Your blink frog zombie barely misses the dream sheep.
Your komodo dragon zombie bites the dream sheep!!
The dream sheep dies!
Kikubaaqudgha accepts your kill.
The dead are walking!
Your black mamba zombie barely misses the dream sheep.
The boulder beetle leaps!
The dream sheep headbutts your black mamba zombie!
Your blink frog zombie hits the dream sheep!
The dream sheep dies!
Kikubaaqudgha accepts your kill.
The dead are walking!
Your black mamba zombie bites the dream sheep.
The boulder beetle waves its antennae.
The boulder beetle curls into a ball and begins rolling!
The dream sheep headbutts your komodo dragon zombie!
The dream sheep headbutts your black mamba zombie.
Your black mamba zombie barely misses the dream sheep.
Your black mamba zombie closely misses the dream sheep.
Your komodo dragon zombie closely misses the dream sheep.
The dream sheep headbutts your black mamba zombie!
The dream sheep headbutts your komodo dragon zombie.
Your black mamba zombie bites the dream sheep.
Your dream sheep zombie headbutts the boulder beetle.
The boulder beetle hits you!!!!
Ouch! That really hurt!
You die...
Kikubaaqudgha rasps: "You have failed me!
Welcome... death!"

.. ..# .# # ##.# .# ..
## #..... #.#Y##..#. ##
...#Y#... ..#
#..YYYWZ##.##
#..##ZZ....P#
##.Z..@.#..##
#....B......## ########
#..Z○Z.......###...P#P#
##.°................<..
#P.........#...###..##
#............. ####
##...........##
#.........#.. ####
####...=.......### #..#


You could see a boulder beetle (rolling, ally target), 5 dream sheep, a friendly
martyred shade (summoned), a friendly komodo dragon zombie (sheltered), a
friendly black mamba zombie (sheltered), a friendly blink frog zombie
(sheltered), a friendly rime drake zombie (sheltered) and 2 friendly dream sheep
zombies.

Vanquished Creatures
  A hydra (Lair:2)
  A catoblepas (Lair:1)
  3 boulder beetles
  A death yak (Lair:2)
  Pikel (D:6)
  An oklob plant (Lair:1)
  A meliai (D:10)
  A black mamba (Lair:4)
  An elephant (Lair:2)
  A merfolk siren (Lair:3)
  2 torpor snails
  7 cane toads
  Jeremiah (D:9)
  Maggie (D:9)
  2 rime drakes
  A tengu conjurer (D:10)
  6 komodo dragons
  A kobold demonologist (D:11)
  A yaktaur (D:10)
  A polar bear (Lair:2)
  2 trolls (D:10)
  4 blink frogs
  A hornet (D:8)
  A vampire (D:10)
  A wyvern (Lair:2)
  10 yaks
  A wraith (D:10)
  A redback (Lair:2)
  12 water moccasins
  3 sky beasts
  An orc warrior (D:9)
  5 black bears
  A boggart (D:10)
  5 centaurs
  A lemure (D:5)
  2 kobold brigands
  A phantom (D:4)
  A weeping skull (D:7)
  An elf skeleton (D:4)
  11 bullfrogs
  A gnoll sergeant (D:10)
  A scorpion (D:9)
  4 wights
  11 killer bees
  2 howler monkeys (D:9)
  4 jellies (D:6)
  3 hounds
  2 human zombies (D:4)
  5 orc priests
  3 sleepcaps
  Jessica (D:2)
  A human skeleton (D:4)
  3 iguanas
  Natasha (thrice) (D:4)
  14 orc wizards
  7 adders
  9 gnolls
  3 shadow imps
  2 white imps
  4 ribbon worms
  2 dart slugs (D:4)
  38 orcs
  7 endoplasms
  A giant cockroach (D:4)
  9 goblins
  6 hobgoblins
  6 jackals
  3 quokkas
  5 ball pythons
  2 bats (D:1)
  2 frilled lizards
  19 kobolds
  2 orc skeletons (D:4)
  10 rats
  A spectral orc (D:7)
296 creatures vanquished.

Vanquished Creatures (collateral kills)
  A hydra (Lair:3)
  A catoblepas (Lair:3)
  A death yak (Lair:2)
  Amaemon (Lair:1)
  An ugly thing (D:10)
  Maurice (D:8)
  4 elephants (Lair:3)
  An orange demon (Lair:1)
  4 cane toads
  A tengu conjurer (D:10)
  A troll (D:10)
  6 blink frogs
  2 dream sheep (Lair:4)
  A wyvern (Lair:3)
  8 yaks
  A basilisk (Lair:2)
  Menkaure (D:7)
  4 water moccasins
  A centaur (D:10)
  3 bullfrogs
  A troll zombie (D:10)
  A howler monkey (D:10)
  A gnoll bouda (D:8)
  An orc wizard (D:9)
  3 orcs
  2 endoplasms
  A rat (D:1)
  A butterfly (Lair:4)
55 creatures vanquished.

Vanquished Creatures (others)
  A boulder beetle (Lair:1)
  A black mamba (Lair:3)
  A rime drake (Lair:1)
  A cane toad (Lair:3)
  2 rime drake zombies
  A komodo dragon zombie (Lair:2)
  A bullfrog (Lair:2)
  3 water moccasin zombies
  6 yak zombies
  4 bullfrog zombies
  A black bear zombie (D:9)
  A centaur zombie (D:9)
  3 killer bee zombies (D:7)
  3 gnoll zombies (D:8)
  A goblin zombie (D:9)
  10 kobold zombies
  10 orc zombies
50 creatures vanquished.

Grand Total: 401 creatures vanquished

Notes
Turn   | Place    | Note
-------+----------+-------------------------------------------
     0 | D:1      | stipulation the Vine Stalker Necromancer began the quest
                  | for the Orb.
     0 | D:1      | Reached XP level 1. HP: 9/9 MP: 4/4
    69 | D:1      | Reached XP level 2. HP: 13/13 MP: 2/6
   755 | D:1      | Reached XP level 3. HP: 16/16 MP: 6/8
  1841 | D:2      | Noticed Jessica
  1846 | D:2      | Killed Jessica
  1847 | D:2      | Reached XP level 4. HP: 19/21 MP: 3/10
  1851 | D:2      | Learned a level 3 spell: Vampiric Draining
  1856 | D:2      | Learned a level 4 spell: Animate Dead
  2446 | D:3      | Reached skill level 5 in Necromancy
  2479 | D:3      | Identified the +3 ring mail "Otaihos" {rF+}
  2815 | D:3      | Reached XP level 5. HP: 20/24 MP: 4/12
  4014 | D:4      | Noticed Natasha
  4028 | D:4      | Killed Natasha
  4242 | D:4      | Noticed a phantom
  4463 | D:4      | Noticed Natasha
  4470 | D:4      | Killed Natasha
  4471 | D:4      | Reached XP level 6. HP: 19/28 MP: 2/14
  4683 | D:4      | Noticed Natasha
  4693 | D:4      | Killed Natasha
  4732 | D:4      | Reached skill level 6 in Necromancy
  4829 | D:4      | Found a broken altar of Ashenzari.
  4844 | D:4      | Reached skill level 5 in Spellcasting
  5058 | D:4      | Found Loofoitu's Antique Armour Shoppe.
  5153 | D:4      | Reached XP level 7. HP: 32/32 MP: 14/16
  5611 | D:5      | Entered Level 5 of the Dungeon
  5620 | D:5      | Reached skill level 7 in Necromancy
  5860 | D:5      | Found a shadowy altar of Dithmenos.
  5948 | D:5      | Gained mutation: You have razor-sharp teeth. [Vine Stalker
                  | growth]
  5948 | D:5      | Reached XP level 8. HP: 36/36 MP: 6/18
  6304 | D:5      | Found a stormy altar of Qazlal.
  6491 | D:5      | Found a hide-covered altar of Uskayaw.
  6609 | D:5      | Found an iron altar of Okawaru.
  6879 | D:6      | Reached skill level 1 in Short Blades
  6879 | D:6      | Reached skill level 8 in Necromancy
  6881 | D:6      | Found a staircase to the Ecumenical Temple.
  6894 | Temple   | Entered the Ecumenical Temple
  6906 | Temple   | Became a worshipper of Kikubaaqudgha
  6979 | D:6      | Found a shimmering blue altar of Sif Muna.
  7491 | D:6      | Found a sacrificial altar of Ru.
  7491 | D:6      | Found a bloodstained altar of Trog.
  7561 | D:6      | Noticed Pikel
  7715 | D:6      | Reached XP level 9. HP: 39/39 MP: 21/21
  7834 | D:6      | You fall into a shaft and drop 1 floor!
  7853 | D:6      | Killed Pikel
  7854 | D:6      | Reached skill level 9 in Necromancy
  8118 | D:7      | Reached skill level 1 in Armour
  8121 | D:7      | Noticed Menkaure
  8128 | D:7      | Killed Menkaure
  8155 | D:7      | Reached * piety under Kikubaaqudgha
  8155 | D:7      | Received a gift from Kikubaaqudgha
  8254 | D:7      | Identified the +1 ring mail of Pragmatism {+Inv rPois
                  | Will+}
  8646 | D:7      | Found a basalt altar of Yredelemnul.
  8760 | D:7      | Reached skill level 10 in Necromancy
  8788 | D:7      | Found a glowing golden altar of the Shining One.
  9025 | D:7      | Learned a level 2 spell: Sublimation of Blood
  9031 | D:7      | Learned a level 5 spell: Curse of Agony
  9170 | D:8      | Reached XP level 10. HP: 38/44 MP: 9/23
  9438 | D:8      | Noticed Maurice
  9496 | D:8      | Paralysed by a hornet for 2 turns
 10021 | D:8      | Found a blossoming altar of Fedhas.
 10144 | D:8      | Reached ** piety under Kikubaaqudgha
 10889 | D:8      | Found a blossoming altar of Fedhas.
 11115 | D:8      | Killed Maurice
 11116 | D:8      | Reached skill level 11 in Necromancy
 12172 | D:9      | Noticed Jeremiah
 12456 | D:9      | Learned a level 3 spell: Swiftness
 12625 | D:9      | Reached skill level 1 in Air Magic
 12821 | D:9      | Found a staircase to the Lair.
 13007 | D:9      | Noticed Maggie
 13014 | D:9      | Killed Maggie
 13014 | D:9      | Reached *** piety under Kikubaaqudgha
 13014 | D:9      | Received a gift from Kikubaaqudgha
 13015 | D:9      | Reached skill level 10 in Spellcasting
 13015 | D:9      | Reached XP level 11. HP: 38/47 MP: 1/26
 13232 | D:9      | Reached skill level 12 in Necromancy
 13262 | D:9      | Killed Jeremiah
 13526 | D:9      | Found a staircase to the Lair.
 13791 | D:10     | Entered Level 10 of the Dungeon
 13945 | D:10     | Found a radiant altar of Vehumet.
 14106 | D:10     | Found an opulent altar of Gozag.
 14505 | D:9      | Learned a level 4 spell: Anguish
 14510 | D:9      | Learned a level 4 spell: Martyr's Knell
 14839 | D:10     | Noticed a boulder beetle
 14901 | D:10     | Killed a boulder beetle
 14902 | D:10     | Reached skill level 1 in Hexes
 14902 | D:10     | Reached skill level 1 in Summonings
 14988 | D:10     | Noticed a brown ugly thing
 15005 | D:10     | Killed a brown ugly thing
 15312 | D:10     | Found a radiant altar of Vehumet.
 15325 | D:10     | Reached **** piety under Kikubaaqudgha
 15326 | D:10     | Reached skill level 5 in Short Blades
 15482 | D:10     | Found an opulent altar of Gozag.
 16037 | D:10     | Found a radiant altar of Vehumet.
 16052 | D:10     | Found an opulent altar of Gozag.
 16504 | D:11     | Found a transporter.
 16505 | D:11     | Noticed a four-headed hydra
 16506 | D:11     | Noticed a wolf spider
 16506 | D:11     | Noticed Rin's ghost (journeyman FoFi)
 16540 | D:11     | Noticed Lodul
 16587 | Lair:1   | Entered Level 1 of the Lair of Beasts
 16587 | Lair:1   | Noticed an oklob plant
 16589 | Lair:1   | Noticed a boulder beetle
 16647 | Lair:1   | Killed a boulder beetle
 16801 | Lair:1   | Killed an oklob plant
 16911 | Lair:1   | Reached skill level 5 in Air Magic
 16911 | Lair:1   | Reached XP level 12. HP: 50/51 MP: 19/28
 17028 | Lair:1   | Reached skill level 13 in Necromancy
 17303 | Lair:1   | Noticed Amaemon
 17315 | Lair:1   | Killed Amaemon
 18090 | Lair:2   | Noticed a death yak
 18096 | Lair:2   | Noticed a death yak
 18180 | Lair:2   | Reached skill level 14 in Necromancy
 18201 | Lair:2   | Found a hole to the Spider Nest.
 18312 | Lair:2   | Noticed a boulder beetle
 18320 | Lair:2   | Killed a boulder beetle
 18594 | Lair:2   | Killed a death yak
 18595 | Lair:2   | Killed a death yak
 18716 | Lair:2   | Reached XP level 13. HP: 55/55 MP: 31/31
 19059 | Lair:2   | Learned a level 2 spell: Blink
 19221 | Lair:3   | Reached skill level 1 in Translocations
 19497 | Lair:3   | Reached skill level 15 in Necromancy
 19552 | Lair:3   | Found a staircase to the Shoals.
 19869 | Lair:4   | Annihilated by a boulder beetle

Illustrated notes

Levels and vault maps discovered:
D:1:      co_arrival_hall_of_pillars, layout_basic, nicolae_wormholes
D:2:      layout_loops_corners, uniq_jessica
D:3:      cheibrodos_old_hovel, layout_rooms
D:4:      layout_loops_ring, amcnicky_altar_gilded,
          nicolae_ossuary_entry_catacombs, serial_shops, nicolae_shop_stone,
          uniq_natasha
D:5:      layout_basic, grunt_dithmenos_smoke_and_mirrors,
          overflow_temple_1_default, nicolae_uskayaw_murder_on_the_dancefloor,
          nicolae_qazlal_eye_of_the_storm
D:6:      layout_cave_pods, gammafunk_temple_overflow_wave,
          mainiacjoe_overflow_cross_hatched, minmay_temple_entry_statues,
          grunt_decor_resistance, uniq_pikel
D:7:      layout_basic, nicolae_tso_swordbearing_angel,
          yredelemnul_forgotten_temple_becter, uniq_menkaure
D:8:      layout_layer_cave, fedhas_ov_isle_minmay, st_stairs_5, uniq_maurice
D:9:      layout_basic, due_lair_maze_entry_diamond, enter_bailey_3,
          uniq_maggie, uniq_jeremiah
D:10:     layout_loops_ring, nicolae_vehumet_radiance, old_standard_altar,
          minmay_shattered_shrine
D:11:     layout_irregular_city, hiddenorc2_lemuel,
          gammafunk_ghost_berserking_beasts,
          portal_ice_cave_entry_ice_simulacra, minmay_three_doors, uniq_lodul
Temple:   hellmonk_temple_rainy
Lair:1:   wander_river, layout_gridlike, dpeg_stationary_puzzle, uniq_amaemon
Lair:2:   layout_roguey, spider_nest_entry_webs
Lair:3:   layout_big_grid, minmay_shoals_entry_lonely_mermaid
Lair:4:   layout_loops_ring, serial_bayou_shore_a, grunt_megastairs_2,
          lemuel_fruit_fields

Skill      XL: |  1  2  3  4  5  6  7  8  9 10 11 12 13 |
---------------+----------------------------------------+-----
Spellcasting   | 3 4 5 6 7 8 10 11 13 | 13.7
Necromancy     | 5 6 7 8 10 11 12 14 15 | 15.1
Short Blades   | 2 4 5 |  5.0
Armour         | 2 4 |  4.0
Air Magic      | 1 5 |  5.0
Hexes          | 2 |  2.0
Summonings     | 2 |  2.0
Translocations | 3 |  3.4
Dodging        | |  1.5
Stealth        | |  2.4

Action                     |  1- 3 |  4- 6 |  7- 9 | 10-12 | 13-15 || total
---------------------------+-------+-------+-------+-------+-------++-------
  Melee: Unarmed           |     7 |       |       |       |       ||     7
         Bite              |     2 |    26 |    98 |   194 |    40 ||   360
         Dagger            |     6 |    89 |   318 |   494 |    68 ||   975
         Punch             |       |     1 |     1 |    13 |     4 ||    19
         Flail             |       |       |       |    45 |       ||    45
   Cast: Necrotise         |    55 |   105 |    90 |   113 |     1 ||   364
         Vampiric Draining |       |     6 |    30 |   126 |    13 ||   175
         Animate Dead      |       |       |     5 |    16 |     2 ||    23
         Martyr's Knell    |       |       |       |    17 |    11 ||    28
         Curse of Agony    |       |       |       |     5 |     3 ||     8
         Swiftness         |       |       |       |     1 |       ||     1
 Invoke: Unearth Wretches  |       |       |       |     3 |     2 ||     5
  Evoke: Wand              |       |       |       |     7 |       ||     7
    Use: Potion            |       |     1 |       |     5 |       ||     6
         Scroll            |       |     2 |     6 |     3 |     1 ||    12
   Stab: Distracted        |     1 |       |     3 |     5 |     2 ||    11
         Sleeping          |     5 |     3 |     3 |     3 |       ||    14
         Paralysed         |       |       |       |     7 |     3 ||    10
 Armour: Robe              |     9 |    72 |   133 |   110 |       ||   324
         Steam dragon scal |       |       |       |   237 |    40 ||   277
  Dodge: Dodged            |    12 |    52 |   163 |   539 |    40 ||   806
